 Dungeon Crawl Stone Soup version 0.25.1-2-g60ff931df9 (webtiles) character file.

Game seed: 17991846618140654263

11112 Johnny the Geomancer (level 11, -2/74 HPs)
             Began as a Demigod Earth Elementalist on Oct 25, 2020.
             Splashed by a brown ugly thing's acid (10 damage)
             ... on level 11 of the Dungeon.
             The game lasted 00:12:59 (16181 turns).

Johnny the Geomancer (Demigod Earth Elementalist)  Turns: 16181, Time: 00:12:59

Health: -2/74      AC:  4    Str: 11    XL:     11   Next: 21%
Magic:  3/37       EV: 12    Int: 25    God:
Gold:   296        SH: 10    Dex: 16    Spells: 15/28 levels left

rFire    + . .     SeeInvis .   E - +1 dagger (venom)
rCold    + + .     Gourm    .   v - +0 buckler
rNeg     . . .     Faith    .   H - +2 robe {rC+ rF+}
rPois    .         Spirit   .   y - +0 helmet
rElec    .         Reflect  +   (no cloak)
rCorr    .         Harm     .   a - +2 pair of gloves
MR       +....                  (no boots)
Stlth    ++........             s - amulet of reflection
HPRegen  0.22/turn              b - ring of magical power
MPRegen  0.25/turn              F - ring of protection from cold

@: corroded, slowed, very slow
A: high mp 1
a: no special abilities


You were on level 11 of the Dungeon.
You were hungry.

You visited 1 branch of the dungeon, and saw 11 of its levels.

You collected 490 gold pieces.
You spent 194 gold pieces at shops.

Inventory:

Hand Weapons
 E - a +1 dagger of venom (weapon)
Missiles
 c - 9 stones (quivered)
Armour
 a - a +2 pair of gloves (worn)
 v - a +0 buckler (worn)
 y - a +0 helmet (worn)
 H - a +2 robe of resistance (worn)
Jewellery
 b - a ring of magical power (left hand)
 s - an amulet of reflection (around neck)
 F - a ring of protection from cold (right hand)
 J - an uncursed ring of fire
Wands
 i - a wand of clouds (5)
 w - a wand of flame (17)
 x - a wand of digging (16)
 A - a wand of acid (5)
Scrolls
 e - 6 scrolls of immolation
 h - 4 scrolls of enchant armour
 j - 6 scrolls of remove curse
 k - 2 scrolls of amnesia
 m - 2 scrolls of magic mapping
 n - 7 scrolls of teleportation
 t - a scroll of fear
 z - a scroll of blinking
 B - 3 scrolls of fog
 D - 2 scrolls of noise
Potions
 f - 3 potions of cancellation
 g - 4 potions of heal wounds
 l - a potion of brilliance
 o - 2 potions of berserk rage {unknown}
 p - 2 potions of flight {unknown}
 q - 5 potions of curing
 r - 4 potions of magic {unknown}
 u - 2 potions of stabbing {unknown}
 C - a potion of lignification {unknown}
 G - a potion of might {unknown}
 K - a potion of degeneration {unknown}
 L - a potion of haste {unknown}
Miscellaneous
 I - a box of beasts
Comestibles
 d - 11 rations


   Skills:
 - Level 1.7 Dodging
 - Level 1.7 Stealth
 + Level 3.0 Shields
 + Level 9.0 Spellcasting
 - Level 0.8 Transmutations
 * Level 13.3 Earth Magic


You had 15 spell levels left.
You knew the following spells:

 Your Spells              Type           Power        Failure   Level  Hunger
a - Sandblast             Erth           ######       1%          1    None
b - Stone Arrow           Conj/Erth      #####.       1%          3    None
c - Lee's Rapid Deconstr  Erth           ######....   1%          5    ####...
d - Petrify               Tmut/Erth      #####...     3%          4    ##.....

Your spell library contained the following spells:

 Spells                   Type           Power        Failure   Level  Hunger
 Passwall                 Tmut/Erth      #####...     1%          2    None
 Foxfire                  Conj/Fire      ##..         6%          1    None
 Summon Small Mammal      Summ           ##..         6%          1    None
 Call Imp                 Summ           ##......     9%          2    None
 Call Canine Familiar     Summ           ##......     19%         3    None
 Conjure Flame            Conj/Fire      ##......     19%         3    None
 Inner Flame              Hex/Fire       ##......     19%         3    None
 Summon Guardian Golem    Hex/Summ       ##......     19%         3    None
 Sticky Flame             Conj/Fire      ##......     52%         4    ##.....
 Summon Ice Beast         Ice/Summ       ##......     52%         4    ##.....
 Summon Lightning Spire   Summ/Air       ##......     52%         4    ##.....
 Fireball                 Conj/Fire      ##........   86%         5    ####...


Dungeon Overview and Level Annotations

Branches:
Dungeon (11/15)            Temple (0/1) D:6            Lair (0/6) D:11
    Orc (0/2) D:10

Shops:
D:4 [   D:5 ?   D:7 !

Annotations:
D:8 2 transporters
D:11 Josephine


Innate Abilities, Weirdness & Mutations

You have an increased reservoir of magic. (+10% MP)


Message History

Snorg shatters!!!
You blow up Snorg!
The blast of petrified fragments hits the wraith!!
You destroy the wraith!
The blast of petrified fragments hits the wraith!!
You destroy the wraith!
Your Shields skill increases to level 3!
Your Spellcasting skill increases to level 9!
The blast of petrified fragments hits the brown ugly thing!
The brown ugly thing is moderately wounded.
Josephine is engulfed in noxious fumes.
The brown ugly thing is engulfed in noxious fumes.
The brown ugly thing kicks you.
You are splashed with acid!
* * * LOW HITPOINT WARNING * * *
Josephine is engulfed in noxious fumes.
The brown ugly thing is engulfed in noxious fumes.
The brown ugly thing kicks you!
* * * LOW HITPOINT WARNING * * *
The acid corrodes you!
You are splashed with acid!
You die...

#......#
##.####.##
#......#
#........#
#......#
#........#
########
#........#
#........#
#........#
####..#.##
##.#.# # #@°.#
... ##u§#
.....###§@##...
......§..§§§.#
##..§D@..§§§.#
......W.....##
...W...§..%.#
............#
.......??...#


You could see Josephine (confused) and a brown ugly thing.

Vanquished Creatures
  Snorg (D:11)
  Erica (D:10)
  Pikel (D:6)
  An ugly thing (D:10)
  4 hippogriffs
  Sigmund (D:5)
  3 wraiths (D:11)
  3 wyverns
  5 yaks
  A basilisk (D:11)
  A hungry ghost (D:10)
  A steam dragon (D:11)
  A sky beast (D:10)
  A slave (D:6)
  A phantom (D:6)
  3 ice beasts
  10 orc warriors
  10 ogres
  2 centaurs
  A crocodile (D:11)
  2 big kobolds
  9 bullfrogs
  A wyvern skeleton (D:8)
  A scorpion (D:11)
  5 wights (D:10)
  9 killer bees
  2 howler monkeys (D:9)
  2 electric eels (D:9)
  A centaur zombie (D:5)
  7 crimson imps
  3 jellies
  8 orc priests
  3 bullfrog skeletons
  A centaur skeleton (D:8)
  4 hounds
  13 orc wizards
  6 iguanas
  8 worker ants
  A killer bee zombie (D:8)
  2 hound zombies
  3 hound skeletons
  Robin (D:4)
  A gnoll (D:1)
  7 adders
  2 shadow imps (D:8)
  An ooze (D:1)
  An adder zombie (D:7)
  A worm (D:3)
  5 dart slugs
  16 leopard geckos
  72 orcs
  5 ball pythons
  12 bats
  3 giant cockroaches
  15 goblins
  10 hobgoblins
  21 jackals
  6 quokkas
  7 frilled lizards
  A jackal skeleton (D:4)
  21 kobolds
  13 rats
364 creatures vanquished.

Vanquished Creatures (others)
  An orc warrior (D:6)
  A slave (D:6)
  A hound (D:6)
  2 orcs (D:6)
5 creatures vanquished.

Grand Total: 369 creatures vanquished

Notes
Turn   | Place    | Note
-------+----------+-------------------------------------------
     0 | D:1      | Johnny the Demigod Earth Elementalist began the quest for
                  | the Orb.
     0 | D:1      | Reached XP level 1. HP: 14/14 MP: 5/5
   257 | D:1      | Reached skill level 3 in Earth Magic
   364 | D:1      | Reached XP level 2. HP: 7/20 MP: 5/7
   971 | D:1      | Reached XP level 3. HP: 12/26 MP: 5/9
  1619 | D:2      | Reached skill level 4 in Earth Magic
  1994 | D:2      | Reached XP level 4. HP: 15/33 MP: 8/10
  2389 | D:2      | Found a shattered altar of Ashenzari.
  2393 | D:2      | Saw a vision of the Shoals and the Snake Pit.
  2393 | D:2      | Noticed a naga warrior
  2393 | D:2      | Noticed a naga mage
  2393 | D:2      | Noticed a black mamba
  2393 | D:2      | Noticed a naga
  2393 | D:2      | Noticed a merfolk siren
  2393 | D:2      | Noticed a merfolk
  2393 | D:2      | Noticed a hippogriff
  2393 | D:2      | Noticed a naga
  2393 | D:2      | Noticed a naga sharpshooter
  2393 | D:2      | Noticed a naga mage
  2393 | D:2      | Noticed a merfolk siren
  2393 | D:2      | Noticed a centaur
  2393 | D:2      | Noticed an anaconda
  2393 | D:2      | Noticed a naga mage
  2512 | D:3      | HP: 1/33 [kobold/+0 short sword (6)]
  2812 | D:3      | Learned a level 3 spell: Stone Arrow
  4235 | D:3      | Reached XP level 5. HP: 38/38 MP: 12/12
  4861 | D:4      | Reached skill level 5 in Earth Magic
  5392 | D:4      | Reached XP level 6. HP: 44/45 MP: 12/14
  5579 | D:4      | Found Verid's Antique Armour Emporium.
  5657 | D:4      | Bought a runed robe for 88 gold pieces
  5799 | D:4      | Noticed Robin
  5810 | D:4      | Killed Robin
  6280 | D:4      | Found a shimmering blue altar of Sif Muna.
  6630 | D:5      | Entered Level 5 of the Dungeon
  6643 | D:5      | Found Sionkush's Magic Scroll Shoppe.
  6650 | D:5      | Bought a scroll of identify for 26 gold pieces
  6692 | D:5      | Reached skill level 6 in Earth Magic
  7307 | D:5      | Reached XP level 7. HP: 50/50 MP: 12/16
  7536 | D:5      | Reached skill level 7 in Earth Magic
  7661 | D:5      | Noticed Sigmund
  7668 | D:5      | Killed Sigmund
  8058 | D:6      | Found a stormy altar of Qazlal.
  8370 | D:6      | Found a white marble altar of Elyvilon.
  8374 | D:6      | Found a burning altar of Makhleb.
  8375 | D:6      | Found a shattered altar of Ashenzari.
  8377 | D:6      | Found a glowing golden altar of the Shining One.
  8377 | D:6      | Found an opulent altar of Gozag.
  8401 | D:6      | Found a staircase to the Ecumenical Temple.
  8407 | D:6      | Noticed Pikel
  8429 | D:6      | Killed Pikel
  8429 | D:6      | Reached skill level 5 in Spellcasting
  8429 | D:6      | Reached skill level 8 in Earth Magic
  8429 | D:6      | Reached XP level 8. HP: 48/57 MP: 19/19
  8626 | D:6      | Reached skill level 9 in Earth Magic
  9708 | D:7      | Found Kapargheta's Distillery.
  9730 | D:7      | Bought a potion of curing for 30 gold pieces
  9730 | D:7      | Bought a potion of heal wounds for 50 gold pieces
  9834 | D:7      | Got an encrusted flail
  9835 | D:7      | Identified the +9 flail "Gulusel" {flame, +Blink +Inv MP-9
                  | Int+4} (You found it on level 7 of the Dungeon)
  9926 | D:7      | Reached XP level 9. HP: 58/62 MP: 22/22
  9934 | D:7      | Learned a level 5 spell: Lee's Rapid Deconstruction
  9939 | D:7      | Learned a level 4 spell: Petrify
 10245 | D:7      | Found an iron altar of Okawaru.
 10283 | D:7      | Reached skill level 10 in Earth Magic
 10816 | D:8      | Found a basalt altar of Yredelemnul.
 10816 | D:8      | Found an ancient bone altar of Kikubaaqudgha.
 10816 | D:8      | Found a transporter.
 10817 | D:8      | Noticed a death knight
 10817 | D:8      | Noticed a skeletal warrior
 10821 | D:8      | Noticed a skeletal warrior
 10867 | D:8      | Found an iron altar of Okawaru.
 11261 | D:8      | Found a radiant altar of Vehumet.
 11325 | D:8      | Found a transporter.
 11642 | D:9      | Found a sparkling altar of Nemelex Xobeh.
 12019 | D:9      | Reached skill level 11 in Earth Magic
 12076 | D:9      | Found a blossoming altar of Fedhas.
 12691 | D:9      | Found a hide-covered altar of Uskayaw.
 13096 | D:10     | Entered Level 10 of the Dungeon
 13331 | D:10     | Reached XP level 10. HP: 61/69 MP: 25/25
 13570 | D:10     | Noticed a white ugly thing
 13579 | D:10     | Killed a white ugly thing
 13865 | D:10     | Noticed Erica
 13870 | D:10     | Killed Erica
 13870 | D:10     | Reached skill level 12 in Earth Magic
 14136 | D:10     | Found a staircase to the Orcish Mines.
 15206 | D:11     | Found a staircase to the Lair.
 15215 | D:11     | Reached skill level 1 in Shields
 15706 | D:11     | Reached XP level 11. HP: 65/74 MP: 28/28
 15713 | D:11     | Reached skill level 13 in Earth Magic
 15913 | D:11     | Found a roughly hewn altar of Beogh.
 16165 | D:11     | Noticed Josephine
 16165 | D:11     | Noticed Snorg
 16181 | D:11     | Killed Snorg
 16181 | D:11     | Splashed by a brown ugly thing's acid

Illustrated notes

Levels and vault maps discovered:
D:1:      matt_arrival_refuge, layout_rooms, hangedman_decor_push,
          minmay_misc_feat_room, chequers_arboretum, minmay_distorted
D:2:      layout_basic, grunt_ashenzari_visionary
          [grunt_ashenzari_visionary_shoals, grunt_ashenzari_visionary_snake]
D:3:      layout_loops_ring, kennysheep_generic_room_10
D:4:      layout_loops_corners, nicolae_overflow_hidden_temple, serial_shops,
          shop, first_ration, uniq_robin
D:5:      layout_loops_ring, serial_shops, shop_fountains, uniq_sigmund
D:6:      layout_loops_cross, grunt_temple_overflow_open,
          minmay_temple_entry_glassed_door, nicolae_qazlal_general_emergency,
          uniq_pikel
D:7:      layout_rooms, serial_shops, nicolae_shop_crystal, basic_altar
D:8:      layout_rooms, gammafunk_temple_of_torment, overflow_temple_1_default,
          kennysheep_mini_moat, serial_glass, glass_columns_b, glass_columns_a,
          glass_columns_b, glass_columns_a, glass_columns_a, glass_columns_b
D:9:      layout_basic, overflow_temple_1_default, kennysheep_mini,
          lemuel_crystal_altar, kennysheep_doodads, serial_bayou_ford_a
D:10:     layout_roguey, orc_0_dummy, uniq_erica
D:11:     layout_basic, david_lair_generic, special_room [special_room_orc],
          uniq_josephine, uniq_snorg

Skill      XL: |  1  2  3  4  5  6  7  8  9 10 11 |
---------------+----------------------------------+-----
Earth Magic    | 3 4 5 6 8 9 11 12 13 | 13.3
Spellcasting   | 2 3 4 5 6 7 8 9 |  9.0
Shields        | 1 3 |  3.0
Dodging        | |  1.7
Stealth        | |  1.7
Transmutations | |  0.8

Action                   |  1- 3 |  4- 6 |  7- 9 | 10-12 || total
-------------------------+-------+-------+-------+-------++-------
Melee: Unarmed           |    18 |       |       |       ||    18
       Spear             |    81 |   331 |   209 |       ||   621
       Dagger            |       |       |   208 |    94 ||   302
 Cast: Sandblast         |    35 |    44 |    52 |    77 ||   208
       Stone Arrow       |       |    26 |    78 |    18 ||   122
       Lee's Rapid Decon |       |       |     3 |    32 ||    35
       Petrify           |       |       |       |     3 ||     3
Evoke: Wand              |       |       |     6 |     4 ||    10
  Use: Scroll            |       |     8 |     6 |     2 ||    16
       Potion            |       |       |     1 |       ||     1
 Stab: Sleeping          |     5 |    12 |     2 |     1 ||    20
       Distracted        |     1 |       |       |       ||     1
  Eat: Chunk             |     4 |    18 |    18 |    15 ||    55
       Ration            |       |       |     1 |       ||     1
Armor: Robe              |    26 |    70 |   142 |    30 ||   268
Dodge: Dodged            |    62 |   199 |   252 |    77 ||   590
Block: Other             |       |    62 |   110 |    10 ||   182
       Reflection        |       |       |     3 |     1 ||     4
       Buckler           |       |       |       |    42 ||    42
